 Dungeon Crawl Stone Soup version 0.19.4-8-ga85b6b9 (webtiles) character file.

391 Kosschaser the Chopper (level 6, -1/53 HPs)
             Began as a Draconian Berserker on Feb 14, 2017.
             Was a Believer of Trog.
             Slain by a gnoll
             ... wielding a +0 spear
              (10 damage)
             ... on level 4 of the Dungeon.
             The game lasted 00:14:24 (3587 turns).

Kosschaser the Chopper (Draconian Berserker)        Turns: 3587, Time: 00:14:25

Health: -1/53      AC:  7    Str: 21    XL:     6   Next: 50%
Magic:  6/6        EV: 13    Int:  7    God:    Trog [**....]
Gold:   97         SH:  0    Dex: 11    Spells: 0 memorised, 5 levels left

rFire  . . .     SeeInvis .     a - +1 hand axe
rCold  . . .     Gourm    .     (armour unavailable)
rNeg   . . .     Faith    .     (no shield)
rPois  .         Spirit   .     (helmet restricted)
rElec  .         Reflect  .     (no cloak)
rCorr  .         Harm     .     w - +0 pair of gloves
MR     .....                    (no boots)
Stlth  ++........               (no amulet)
                                (no ring)
                                (no ring)

@: exhausted, starving, slowed, very slow
A: unfitting armour, fangs 1, cold-blooded, AC +6
a: Berserk, Trog's Hand, Burn Spellbooks, Renounce Religion


You were on level 4 of the Dungeon.
You worshipped Trog.
Trog was pleased with you.
You were starving.

You visited 1 branch of the dungeon, and saw 4 of its levels.

You collected 97 gold pieces.

Inventory:

Hand Weapons
 a - a +1 hand axe (weapon)
Armour
 w - a +0 pair of gloves (worn)
Scrolls
 f - 2 scrolls of fog
 g - 2 scrolls of teleportation
 h - a scroll of immolation {unknown}
 l - 4 scrolls of enchant weapon
 m - a scroll of blinking
 n - a scroll of noise {unknown}
 o - a scroll of amnesia {unknown}
 r - a scroll of recharging {unknown}
Potions
 c - a potion of magic {unknown}
 d - a potion of might {unknown}
 e - 2 potions of curing {unknown}
 j - 2 potions of cancellation {unknown}
 s - a potion of flight {unknown}
 t - a potion of brilliance {unknown}
 u - a potion of lignification {unknown}
Comestibles
 b - 3 bread rations
 i - 2 meat rations
 k - a slice of pizza
 q - 4 fruits


   Skills:
 + Level 4.5 Fighting
 + Level 5.6 Axes
 + Level 4.0 Dodging
 + Level 1.4 Stealth


You had 5 spell levels left.
You didn't know any spells.

Dungeon Overview and Level Annotations

Branches:
Dungeon (4/15)
 Temple: D:4-7

Altars:
Cheibriados
Elyvilon
Qazlal
Ru


Innate Abilities, Weirdness & Mutations

Your plain brown scales are hard. (AC +6)
You cannot fit into any form of body armour.
You are cold-blooded and may be slowed by cold attacks.
You have very sharp teeth.


Message History

You hit the gnoll but do no damage.
Your tail-slap misses the gnoll.
The gnoll is almost dead.
The gnoll hits you but does no damage. The gnoll barely misses you. x2
You hit the gnoll.
You kill the gnoll!
Trog accepts your kill. The gnoll barely misses you. The gnoll misses you.
The gnoll closely misses you.
Things that are here:
a spear; a gnoll corpse You closely miss the gnoll.
Your tail-slap misses the gnoll.
Your bite misses the gnoll. The gnoll closely misses you.
The gnoll hits you but does no damage.
You hit the gnoll but do no damage. The gnoll hits you with a spear.
* * * LOW HITPOINT WARNING * * *
You hit the gnoll but do no damage. You tail-slap the gnoll.
You bite the gnoll, but do no damage.
The gnoll is lightly wounded.
The gnoll barely misses you. The gnoll hits you with a spear!
You die...

..... .............#
###### ####........[#
#########.#### #....##
####=.# . ##.# ...
####)#####
.....#########........#
......g@)†)).......)..#
.....#########..?.......
... ########### #


You could see a gnoll.

Vanquished Creatures
  Edmund (D:4)
  A slave (D:4)
  An orc priest (D:4)
  An orc wizard (D:4)
  2 worker ants (D:4)
  4 gnolls (D:4)
  6 adders
  3 worms (D:3)
  A dart slug (D:3)
  A leopard gecko (D:1)
  6 orcs
  A ball python (D:3)
  5 bats
  2 giant cockroaches
  4 goblins
  3 hobgoblins
  10 jackals
  A quokka (D:3)
  7 frilled lizards
  6 kobolds
  A quokka skeleton (D:4)
  9 rats
76 creatures vanquished.

Notes
Turn   | Place    | Note
-------+----------+-------------------------------------------
     0 | D:1      | Kosschaser the Draconian Berserker began the quest for the Orb.
     0 | D:1      | Reached XP level 1. HP: 19/19 MP: 1/1
   155 | D:1      | Reached XP level 2. HP: 21/26 MP: 2/2
   772 | D:2      | Found a white marble altar of Elyvilon.
  1027 | D:2      | Reached XP level 3. HP: 20/31 MP: 3/3
  1264 | D:2      | Reached ** piety under Trog
  1286 | D:2      | Found a sacrificial altar of Ru.
  2030 | D:3      | Found a faded altar of an unknown god.
  2059 | D:3      | Reached XP level 4. HP: 22/40 MP: 4/4
  2260 | D:3      | Reached skill level 1 in Stealth
  2405 | D:3      | Found a snail-covered altar of Cheibriados.
  2654 | D:3      | Gained mutation: You have very sharp teeth. [potion of beneficial mutation]
  2779 | D:3      | Reached skill level 4 in Axes
  2904 | D:4      | Found a stormy altar of Qazlal.
  2957 | D:4      | Noticed Edmund
  2971 | D:4      | Killed Edmund
  2971 | D:4      | Reached XP level 5. HP: 47/47 MP: 5/5
  3017 | D:4      | Reached XP level 6. HP: 26/53 MP: 6/6
  3019 | D:4      | Reached skill level 5 in Axes
  3251 | D:4      | Noticed a slave
  3255 | D:4      | Noticed a slave
  3332 | D:4      | Noticed a slave
  3346 | D:4      | Killed a slave
  3587 | D:4      | Slain by a gnoll

Skill      XL: |  1  2  3  4  5  6 |
---------------+-------------------+-----
Dodging        | 3 4 |  4.0
Fighting       | 4 |  4.5
Stealth        | 1 |  1.4
Axes           | 4 5 |  5.6

Action                   |  1- 3 |  4- 6 || total
-------------------------+-------+-------++-------
Melee: Hand axe          |   125 |   149 ||   274
       Tailslap          |    12 |    23 ||    35
       Bite              |       |    16 ||    16
Invok: Berserk           |       |     3 ||     3
       Trog's Hand       |       |     2 ||     2
  Use: Scroll            |       |     8 ||     8
       Potion            |       |     2 ||     2
  Eat: Chunk             |     3 |     7 ||    10
Armor: Skin              |    48 |    45 ||    93
Dodge: Dodged            |   107 |   106 ||   213
